 Dungeon Crawl Stone Soup version 0.24.0-13-gcf9b319 (webtiles) character file.

Game seed: 4541601327074126435, levelgen mode: deterministic

11739 Fang the Fighter (level 11, -13/109 HPs)
             Began as a Gargoyle Berserker on Nov 22, 2019.
             Was a High Priest of Trog.
             Mangled by an ettin
             ... wielding a +1 dire flail of draining
              (20 damage)
             ... on level 11 of the Dungeon.
             The game lasted 00:12:46 (9732 turns).

Fang the Fighter (Gargoyle Berserker)               Turns: 9732, Time: 00:12:46

Health: -13/109    AC: 25    Str: 29    XL:     11   Next: 82%
Magic:  0/11       EV: 14    Int:  8    God:    Trog [*****.]
Gold:   633        SH:  5    Dex:  9    Spells: 10/10 levels left

rFire    . . .     SeeInvis .   a - +1 war axe
rCold    . . .     Gourm    .   (no shield)
rNeg     + . .     Faith    .   b - +3 plate armour
rPois    ∞         Spirit   +   (no helmet)
rElec    +         Reflect  +   k - scarf {Spirit}
rCorr    .         Harm     .   (no gloves)
MR       .....                  (no boots)
Stlth    ..........             E - +5 amulet of reflection
HPRegen  0.28/turn              y - +3 ring of evasion
MPRegen  0.12/turn              C - ring of stealth

@: berserking, very quick
A: negative energy resistance 1, electricity resistance, unbreathing,
petrification resistance, rot immunity, AC +8
a: Berserk, Trog's Hand, Brothers in Arms, Renounce Religion


You were on level 11 of the Dungeon.
You worshipped Trog.
Trog was extremely pleased with you.
You were hungry.

You visited 2 branches of the dungeon, and saw 12 of its levels.

You collected 738 gold pieces.
You spent 105 gold pieces at shops.

Inventory:

Hand Weapons
 a - a +1 war axe (weapon)
Armour
 b - a +3 plate armour (worn)
 k - a scarf of spirit shield (worn)
Jewellery
 y - a +3 ring of evasion (left hand)
 C - a ring of stealth (right hand)
 E - a +5 amulet of reflection (around neck)
Wands
 q - a wand of random effects (19)
 t - a wand of digging (8)
 x - a wand of paralysis (4)
 B - a wand of iceblast (17)
 I - a wand of acid (8)
Scrolls
 e - 6 scrolls of teleportation
 f - 5 scrolls of remove curse
 i - 4 scrolls of identify
 m - 4 scrolls of vulnerability {unknown}
 n - a scroll of magic mapping
Potions
 g - a potion of heal wounds
 h - 3 potions of agility
 j - a potion of ambrosia
 l - 7 potions of curing
 r - 2 potions of mutation
 s - 2 potions of invisibility
 F - a potion of resistance
 G - 4 potions of haste
 H - 2 potions of flight
 J - 2 potions of magic
Comestibles
 c - 22 rations
 d - 10 chunks of flesh


   Skills:
 + Level 10.6 Fighting
 + Level 9.0 Axes
 + Level 10.3 Armour
 + Level 8.0 Dodging


You had 10 spell levels left.
You didn't know any spells.
Your spell library was empty.

Dungeon Overview and Level Annotations

Branches:
Dungeon (11/15)            Temple (1/1) D:4            Lair (0/6) D:9
    Orc (0/2) D:11

Altars:
Cheibriados
Elyvilon
Fedhas
Gozag
Hepliaklqana
Kikubaaqudgha
Qazlal
Ru
Uskayaw
Vehumet

Shops:
D:4 (   D:10 *=[   D:11 %(


Innate Abilities, Weirdness & Mutations

You are resistant to torment.
Your stone body is resilient. (AC +8)
You are immune to poison.
You resist negative energy. (rN+)
You are resistant to electric shocks. (rElec)
You can survive without breathing.
You are immune to petrification.
You are immune to rotting.


Message History

An ettin comes into view.
It is wielding a +1 dire flail of draining and a +0 dire flail.
The ettin shouts in stereo!
An ettin is nearby!
The ettin hits you with a +1 dire flail of draining!
You block the ettin's attack.
You barely miss the ettin. You hit the plant but do no damage.
The ettin closely misses you.
The ettin hits you with a +0 dire flail!
You hit the ettin but do no damage. You hit the plant.
The ettin hits you with a +1 dire flail of draining!
The ettin hits you with a +0 dire flail!!
* * * LOW HITPOINT WARNING * * *
A cyclops comes into view.
You are too injured to fight recklessly!
You are too injured to fight recklessly!
A red film seems to cover your vision as you go berserk!
You feel yourself moving faster!
You feel mighty!
You are feeling hungry.
The ettin hits you with a +1 dire flail of draining!!
You die...

...##.....##
..##..##...##
...##.#.....##
..###........###
..####.#.......##
...# ###........##
.### #..........#
.#####...........#
......(........P@#
.###...........C.#
## ............#
## ............#
.# ..............
.# .............#
.# ..............#
.##>.... .....C..#
....#


You could see an ettin and a cyclops.

Vanquished Creatures
  Erolcha (D:9)
  2 two-headed ogres (D:9)
  A centaur warrior (D:10)
  An ugly thing (D:11)
  A komodo dragon (D:10)
  3 trolls
  A tengu conjurer (D:10)
  A hornet (D:10)
  Grinder (D:5)
  3 hippogriffs
  A slime creature (D:10)
  A yak (D:9)
  2 shadows
  A wyvern (D:8)
  A human (D:9)
  3 hogs (D:9)
  Eustachio (D:5)
  A steam dragon (D:10)
  4 vampire mosquitoes (D:11)
  A water moccasin (D:5)
  An acid dragon (D:11)
  5 orc warriors
  2 ice beasts
  2 sky beasts
  3 centaurs
  6 ogres
  A big kobold (D:11)
  6 bullfrogs
  A gnoll sergeant (D:10)
  A water moccasin skeleton (D:6)
  5 scorpions
  3 killer bees (D:9)
  2 howler monkeys (D:8)
  3 crimson imps
  2 centaur zombies
  A bullfrog zombie (D:11)
  6 hounds
  A jelly (D:10)
  5 orc priests
  3 centaur skeletons
  3 iguanas
  15 orc wizards
  3 worker ants
  A hound skeleton (D:10)
  A worker ant zombie (D:10)
  11 gnolls
  14 adders
  2 shadow imps
  2 adder skeletons
  2 worms (D:2)
  4 leopard geckos
  37 orcs
  A ball python (D:4)
  8 giant cockroaches
  4 hobgoblins
  8 jackals
  7 kobolds
  3 quokkas
  6 bats
  7 frilled lizards
  8 goblins
  A quokka zombie (D:5)
  6 rats
244 creatures vanquished.

Vanquished Creatures (collateral kills)
  A jelly (D:10)
1 creature vanquished.

Grand Total: 245 creatures vanquished

Notes
Turn   | Place    | Note
-------+----------+-------------------------------------------
     0 | D:1      | Fang the Gargoyle Berserker began the quest for the Orb.
     0 | D:1      | Reached XP level 1. HP: 14/14 MP: 1/1
   111 | D:1      | Reached XP level 2. HP: 19/19 MP: 2/2
   622 | D:2      | Reached ** piety under Trog
   622 | D:2      | Reached XP level 3. HP: 23/23 MP: 3/3
   632 | D:2      | You fall into a shaft and drop 2 floors!
   634 | D:4      | Found a sacrificial altar of Ru.
   735 | D:4      | Reached XP level 4. HP: 20/29 MP: 4/4
   935 | D:4      | Reached XP level 5. HP: 33/33 MP: 1/5
  1322 | D:4      | Noticed an ogre
  1327 | D:4      | Killed an ogre
  1327 | D:4      | Reached XP level 6. HP: 39/39 MP: 3/6
  1417 | D:4      | Found a staircase to the Ecumenical Temple.
  1455 | Temple   | Entered the Ecumenical Temple
  1845 | D:4      | Reached skill level 5 in Fighting
  1850 | D:4      | Reached XP level 7. HP: 44/44 MP: 5/7
  1864 | D:4      | Found Roudghef's Antique Weapon Boutique.
  2107 | D:3      | You fall into a shaft and drop 1 floor!
  2452 | D:3      | Found a snail-covered altar of Cheibriados.
  2453 | D:3      | Found a stormy altar of Qazlal.
  2706 | D:3      | Reached *** piety under Trog
  3320 | D:5      | Entered Level 5 of the Dungeon
  3322 | D:5      | Found a radiant altar of Vehumet.
  3401 | D:5      | Found an opulent altar of Gozag.
  3431 | D:5      | You fall into a shaft and drop 3 floors!
  3494 | D:8      | Reached skill level 5 in Armour
  3497 | D:8      | Reached XP level 8. HP: 51/51 MP: 6/8
  3574 | D:8      | Found a white marble altar of Elyvilon.
  3673 | D:8      | Noticed a wyvern
  3675 | D:8      | Reached skill level 5 in Axes
  3686 | D:8      | Killed a wyvern
  4232 | D:8      | Found a blossoming altar of Fedhas.
  4864 | D:7      | Found a hide-covered altar of Uskayaw.
  4864 | D:7      | Noticed a +0 dagger
  4865 | D:7      | Noticed a +0 dagger
  5067 | D:7      | Found an ancient bone altar of Kikubaaqudgha.
  5414 | D:6      | Reached XP level 9. HP: 56/56 MP: 9/9
  5420 | D:6      | Reached skill level 5 in Dodging
  6054 | D:5      | Found a hazy altar of Hepliaklqana.
  6291 | D:5      | Noticed Eustachio
  6345 | D:5      | Killed Eustachio
  6429 | D:5      | Noticed Grinder
  6447 | D:5      | Killed Grinder
  6721 | D:4      | Bought a war axe for 105 gold pieces
  6797 | D:9      | Found a staircase to the Lair.
  6965 | D:9      | Noticed a two-headed ogre
  6977 | D:9      | Killed a two-headed ogre
  7219 | D:9      | Noticed a two-headed ogre
  7238 | D:9      | Killed a two-headed ogre
  7238 | D:9      | Reached XP level 10. HP: 39/65 MP: 2/10
  7247 | D:9      | Noticed Erolcha
  7248 | D:9      | Reached **** piety under Trog
  7398 | D:9      | Killed Erolcha
  7977 | D:10     | Entered Level 10 of the Dungeon
  7983 | D:10     | Noticed a centaur warrior
  7995 | D:10     | Killed a centaur warrior
  7995 | D:10     | Reached XP level 11. HP: 72/72 MP: 7/11
  8042 | D:10     | Reached skill level 10 in Fighting
  8346 | D:10     | Found Taew's General Store.
  8353 | D:10     | Found Tunniohe's Jewellery Shop.
  8408 | D:10     | Found Ceoq's Antique Armour Shoppe.
  9345 | D:11     | Reached skill level 10 in Armour
  9345 | D:11     | Reached ***** piety under Trog
  9355 | D:11     | Noticed a green ugly thing
  9375 | D:11     | Killed a green ugly thing
  9486 | D:11     | Found Qolo's Food Boutique.
  9636 | D:11     | Found a staircase to the Orcish Mines.
  9638 | D:11     | Found Masmot's Weapon Shoppe.
  9726 | D:11     | Noticed an ettin
  9731 | D:11     | Noticed a cyclops
  9732 | D:11     | Mangled by an ettin

Levels and vault maps discovered:
D:1:      dpeg_arrival_erosion, layout_loops_ring
D:2:      wad_pebble_path, layout_loops_ring, first_ration
D:3:      layout_basic, chequers_temple_overflow_statue_of_worship
D:4:      minmay_chambers_of_threes, layout_loops_ring, temple_doors_e,
          serial_shops, nicolae_shop_statue_plus,
          nicolae_ru_the_path_less_chosen
D:5:      layout_gridville, kennysheep_mini, old_standard_altar,
          old_standard_altar, nrook_mini_vaults, uniq_grinder, uniq_eustachio
D:6:      layout_cave_pods
D:7:      layout_basic, lemuel_coloured_pillars_altar, dancing_weapons_uskayaw
D:8:      layout_loops_ring, nicolae_overflow_hidden_temple, elyvilon_altar_3
D:9:      layout_layer_cave, lair_entry_dummy, grunt_livestock, uniq_erolcha
D:10:     layout_roguey, serial_shops, nicolae_shop_crystal, shop,
          nicolae_shop_stone, minmay_the_grid_2x2 [minmay_the_grid_zigzags,
          minmay_the_grid_diamond_grid, minmay_the_grid_mess,
          minmay_the_grid_prize_big_room]
D:11:     giant_chief_lemuel, layout_cave_pools, orc_david_3, serial_shops,
          shop, minmay_fractal_squares_diagonal_5
Temple:   minmay_temple_forest_path

Skill      XL: |  1  2  3  4  5  6  7  8  9 10 11 |
---------------+----------------------------------+-----
Axes           | 3 4 5 7 8 9 |  9.0
Dodging        | 2 3 4 6 7 8 |  8.0
Armour         | 3 4 5 6 8 9 10 | 10.3
Fighting       | 4 5 6 8 9 10 | 10.6

Action                   |  1- 3 |  4- 6 |  7- 9 | 10-12 || total
-------------------------+-------+-------+-------+-------++-------
Melee: Hand axe          |    68 |   106 |   417 |       ||   591
       War axe           |       |       |    80 |   374 ||   454
Invok: Berserk           |       |     4 |     9 |     5 ||    18
       Trog's Hand       |       |       |     5 |     2 ||     7
  Use: Scroll            |       |       |       |    28 ||    28
       Potion            |       |       |       |     1 ||     1
  Eat: Chunk             |       |     4 |    22 |    12 ||    38
       Ration            |       |     1 |     1 |     1 ||     3
Armor: Animal skin       |    13 |       |       |       ||    13
       Chain mail        |    15 |    70 |   366 |    13 ||   464
       Plate armour      |       |       |       |   312 ||   312
Dodge: Dodged            |    28 |    41 |   316 |   345 ||   730
Block: Other             |       |       |    39 |   143 ||   182
       Reflection        |       |       |     1 |     2 ||     3
